 Dungeon Crawl Stone Soup version 0.17-a0-1404-gb8113a6 (webtiles) character file.

98 Fizybubbleh the Chopper (level 4, -4/40 HPs)
             Began as a Hill Orc Gladiator on June 20, 2015.
             Killed from afar by an orc wizard (8 damage)
             ... with a puff of frost
             ... on level 3 of the Dungeon on June 21, 2015.
             The game lasted 00:14:14 (3359 turns).

Fizybubbleh the Chopper (Hill Orc Gladiator)        Turns: 3359, Time: 00:14:14

Health: -4/40      AC:  3    Str: 17    XL:     4   Next: 71%
Magic:  3/3        EV: 12    Int:  8    God:
Gold:   51         SH:  0    Dex: 12    Spells: 0 memorised, 3 levels left

rFire  . . .     SeeInvis .     a - +0 war axe
rCold  . . .     Clarity  .     (no armour)
rNeg   . . .     SustAt   .     (no shield)
rPois  .         Gourm    .     n - +0 helmet
rElec  .         Spirit   .     p - +0 cloak
rCorr  .         Warding  .     s - +0 pair of gloves
rMut   .         Stasis   .     (no boots)
MR     .....                    (no amulet)
Stlth  +.........               (no ring)
                                (no ring)

@: very slightly contaminated, hasted, very quick, not resistant to hostile
enchantments, very unstealthy
A: low mp 1, robust 1, subdued magic 1
a: no special abilities


You were on level 3 of the Dungeon.
You were not hungry.

You visited 1 branch of the dungeon, and saw 3 of its levels.

You collected 51 gold pieces.

Inventory:

Hand weapons
 a - a +0 war axe (weapon)
Missiles
 d - 3 throwing nets (quivered)
 j - 21 poisoned needles
Armour
 b - a +0 leather armour
 c - a +0 helmet
 n - a +0 helmet (worn)
 p - a +0 cloak (worn)
 q - a +0 ring mail
 s - a +0 pair of gloves (worn)
 w - a +0 chain mail
Jewellery
 o - an uncursed amulet of guardian spirit {unknown}
Scrolls
 f - a scroll of magic mapping {unknown}
 k - a scroll of recharging {unknown}
 l - a scroll of noise {unknown}
 v - a scroll of identify
Potions
 i - 2 potions of mutation
 t - a potion of heal wounds {unknown}
Books
 m - a book of Hinderance

   Spells                             Type                      Level
   a - Confusing Touch                Hexes                        2
   b - Confuse                        Hexes                        3
   c - Gell's Gravitas                Hexes/Translocation          3
   d - Petrify                        Transmutation/Earth          4
   e - Metabolic Englaciation         Hexes/Ice                    5
Comestibles
 e - 4 bread rations
 r - 2 meat rations
 u - 2 chunks of flesh


   Skills:
 - Level 2.4 Fighting
 + Level 7.0 Axes
 - Level 2.0 Throwing
 - Level 2.4 Dodging


You had 3 spell levels left.
You didn't know any spells.

Dungeon Overview and Level Annotations

Branches:
Dungeon (3/15)

Altars:


Innate Abilities, Weirdness & Mutations

Your magical capacity is low (-10% MP).
You are robust (+10% HP).
Your spells are a little easier to cast, but a little less powerful.


Message History

The orc wizard is severely wounded.
The orc wizard hits you but does no damage.
The orc wizard casts a spell at you. The puff of flame hits you!
* * * LOW HITPOINT WARNING * * *
Drink which item? (? for menu, Esc to quit)
You feel better. The orc wizard hits you with a dagger.
Drink which item? (? for menu, Esc to quit)
You feel yourself speed up.
The orc wizard gestures at you while chanting.
The puff of frost hits you!
* * * LOW HITPOINT WARNING * * *
The orc wizard hits you with a dagger.
* * * LOW HITPOINT WARNING * * *
You are very lightly contaminated with residual magic.
You closely miss the orc wizard.
The orc wizard is severely wounded.
The orc wizard casts a spell at you. The puff of frost hits you!
You die...

#..# ###.# #(##w# #..#
#.#####)##.### #..#
#....().#.... #..#
#########.####..# #..#
#........o####..# #..#
#.###....>......#
#.h###.###.##..#####.#
#..##...##.##..o.....#
#..#.###.#.#.#..@.####
#....# #........#.#
##...###.######.#.#
#..#)..## #.#.#
#..###########.#.#
#..## #.......#.#
##...## #.#######.#
#.....# #.#######.#
#.....# #.##......###


You could see an orc wizard.

Vanquished Creatures
  An orc wizard (D:3)
  An adder (D:2)
  3 worms
  3 giant geckos
  4 orcs (D:3)
  2 giant cockroaches
  5 hobgoblins
  5 jackals
  4 bats
  10 goblins
  6 kobolds
  3 rats
47 creatures vanquished.

Notes
Turn   | Place    | Note
--------------------------------------------------------------
     0 | D:1      | Fizybubbleh the Hill Orc Gladiator began the quest for the Orb.
     0 | D:1      | Reached XP level 1. HP: 18/18 MP: 1/1
     2 | D:1      | Upgraded the game from 0.17-a0-1403-g9df874c to 0.17-a0-1404-gb8113a6
   558 | D:1      | Reached XP level 2. HP: 22/25 MP: 2/2
   731 | D:1      | Reached skill level 5 in Axes
  1398 | D:1      | Reached XP level 3. HP: 30/30 MP: 3/3
  1632 | D:1      | Gained mutation: Your spells are a little easier to cast, but a little less powerful. [potion of mutation]
  1632 | D:1      | Gained mutation: You are robust (+10% HP). [potion of mutation]
  1632 | D:1      | Gained mutation: Your magical capacity is low (-10% MP). [potion of mutation]
  2177 | D:2      | Reached skill level 6 in Axes
  3030 | D:3      | Reached XP level 4. HP: 37/40 MP: 3/3
  3218 | D:3      | Reached skill level 7 in Axes
  3359 | D:3      | Killed from afar by an orc wizard

Vault maps used:
D:1:      dpeg_arrival_chase
D:2:      first_bread, roderic_lattice_a
D:3:      minmay_large_rounded_square

Action                   |  1- 3 |  4- 6 || total
-------------------------+-------+-------++-------
Melee: War axe           |   145 |    38 ||   183
  Use: Scroll            |     3 |       ||     3
       Potion            |     2 |     4 ||     6
  Eat: Chunk             |     6 |     2 ||     8
